 Dungeon Crawl Stone Soup version 0.31-a0-426-g3a05650e59 (webtiles) character file.

Game seed: 2350193014911281931

234250 hashsling the Slayer (level 18, -7/194 HPs)
             Began as a Minotaur Gladiator on July 30, 2023.
             Was the Champion of Okawaru.
             Succumbed to a nagaraja's bolt of poison
             ... on level 4 of the Snake Pit.
             The game lasted 02:27:50 (34395 turns).

hashsling the Slayer (Minotaur Gladiator)          Turns: 34395, Time: 02:27:50

Health: -7/194     AC: 50    Str: 32    XL:     18   Next: 87%
Magic:  0/24       EV:  5    Int:  8    God:    Okawaru [******]
Gold:   930        SH: 23    Dex: 13    Spells: 17/17 levels left

rFire   + + .        X - +5 broad axe of the Morning {flame, *Rage Int+4}
rCold   + + +        o - +10 tower shield of Ignorance {rN+ Int-4}
rNeg    + . .        U - +13 crystal plate armour of Okawaru's Displeasure {rElec rF++ Int+3 Dex-2}
rPois   .            s - +0 hat of Rationality {Str+2 Slay+3}
rElec   +            W - +2 cloak {rC+}
rCorr   +            Z - +2 pair of gloves {Dex+3}
SInv    .            e - +1 pair of boots of Baldness {*Slow Fly rElec rPois}
Will    +....        x - amulet of Joy {Spirit rC+ Will- Slay+3} Stlth
                     p - +4 ring of slaying
HPRegen 0.52/turn    k - ring of Raaxot Satt {rC+ rCorr AC+4 Str+3}
MPRegen 0.19/turn

%: random rage (20%), slow self (1%), guardian spirit
@: lethally poisoned (-7 -> -33), finesse-ful, weakened, poison vulnerable, on
berserk cooldown, enlightened, flying, slowed, constricted, studying Long
Blades, very slow
A: horns 2, retaliatory headbutt
}: 1/15 runes: barnacled
a: Renounce Religion, Heroism, Finesse, Duel


You were on level 4 of the Snake Pit.
You worshipped Okawaru.
Okawaru was exalted by your worship.
You visited 6 branches of the dungeon, and saw 29 of its levels.
You also visited: Ice Cave and Volcano.

You collected 2868 gold pieces.
You spent 1938 gold pieces at shops.

Inventory:

Hand Weapons
 m - the +8 sling of Autumn {drain, rElec rPois Dex+5}
   (You found it on level 4 of the Shoals)

   Dex:       It affects your dexterity (+5).
   rElec:     It insulates you from electricity.
   rPois:     It protects you from poison.
 K - a +1 executioner's axe of draining
 X - the +5 broad axe of the Morning (weapon) {flame, *Rage Int+4}
   (Okawaru gifted it to you on level 11 of the Dungeon)

   Int:       It affects your intelligence (+4).
   *Rage:     It berserks you when you make melee attacks (+20% chance).
Missiles
 d - 8 throwing nets
 q - 2 atropa-tipped darts
 w - 28 poisoned darts
 N - 6 silver javelins
Armour
 e - the +1 pair of boots of Baldness (worn) {*Slow Fly rElec rPois}
   (Okawaru gifted it to you on level 3 of the Lair of Beasts)

   rElec:     It insulates you from electricity.
   rPois:     It protects you from poison.
   Fly:       It grants you flight.
   *Slow:     It may slow you when you take damage.
 o - the +10 tower shield of Ignorance (worn) {rN+ Int-4}
   (You found it on level 4 of the Shoals)

   Int:       It affects your intelligence (-4).
   rN:        It protects you from negative energy.
 s - the +0 hat of Rationality (worn) {Str+2 Slay+3}
   (You acquired it on level 2 of the Orcish Mines)

   Str:       It affects your strength (+2).
   Slay:      It affects your accuracy & damage with ranged weapons and melee
   (+3).
 P - the +1 pair of boots of Starshine {rF+ Will+ Dex+3}
   (Okawaru gifted it to you on level 3 of the Shoals)

   Dex:       It affects your dexterity (+3).
   rF:        It protects you from fire.
   Will:      It increases your willpower.
 U - the +13 crystal plate armour of Okawaru's Displeasure (worn) {rElec rF++ Int+3 Dex-2}
   (Okawaru gifted it to you in an ice cave)

   Int:       It affects your intelligence (+3).
   Dex:       It affects your dexterity (-2).
   rF:        It greatly protects you from fire.
   rElec:     It insulates you from electricity.
 W - a +2 cloak of cold resistance (worn)
 Z - a +2 pair of gloves of dexterity (worn)
Jewellery
 a - a ring of poison resistance
 c - a ring of positive energy
 k - the ring of Raaxot Satt (right hand) {rC+ rCorr AC+4 Str+3}
   (You found it on level 2 of the Lair of Beasts)

   [ring of protection]

   AC:        It affects your AC (+4).
   Str:       It affects your strength (+3).
   rC:        It protects you from cold.
   rCorr:     It protects you from acid and corrosion.
 p - a +4 ring of slaying (left hand)
 x - the amulet of Joy (around neck) {Spirit rC+ Will- Slay+3}
   (You took it off a merfolk siren on level 4 of the Shoals)

   [amulet of guardian spirit]

   It causes incoming damage to be divided between your reserves of health and
   magic.
   Slay:      It affects your accuracy & damage with ranged weapons and melee
   (+3).
   rC:        It protects you from cold.
   Will:      It decreases your willpower.
 S - a ring of flight
 Y - a ring of willpower
Wands
 v - a wand of iceblast (6)
 B - a wand of paralysis (13)
 C - a wand of flame (66) (quivered)
 E - a wand of polymorph (3)
 F - a wand of mindburst (4)
 Q - a wand of acid (9)
 T - a wand of digging (10)
Scrolls
 g - 3 scrolls of fog
 l - 4 scrolls of poison
 n - 7 scrolls of enchant weapon
 r - 3 scrolls of fear
 y - 4 scrolls of enchant armour
 A - 3 scrolls of revelation
 G - 2 scrolls of summoning {unknown}
Potions
 b - a potion of haste {unknown}
 f - 2 potions of curing
 h - 3 potions of might
 i - 5 potions of cancellation
 u - 2 potions of resistance {unknown}
 D - 3 potions of ambrosia {unknown}
 H - 3 potions of brilliance
 I - a potion of enlightenment
 J - 4 potions of magic
 L - 5 potions of berserk rage
 M - 2 potions of heal wounds
 O - 2 potions of invisibility {unknown}
Miscellaneous
 V - a lightning rod (3/4)


   Skills:
 - Level 25.2 Fighting
 - Level 24.0 Axes
 - Level 2.0 Throwing
 - Level 15.0 Armour
 * Level 7.6 Dodging
 * Level 5.4 Shields
 - Level 10.0 Invocations
 - Level 5.0 Evocations


You had 17 spell levels left.
You didn't know any spells.
Your spell library contained the following spells:

 Spells                   Type           Power      Damage    Failure   Level
 Apportation              Tloc           0%         N/A       100%        1
 Kiss of Death            Conj/Necr      0%         2d5       100%        1
 Necrotise                Necr           0%         1d4       100%        1
 Blink                    Tloc           0%         N/A       100%        2
 Ensorcelled Hibernation  Hex/Ice        0%         N/A       100%        2
 Sublimation of Blood     Necr           0%         N/A       100%        2
 Wereblood                Tmut           0%         N/A       100%        2
 Confusing Touch          Hex            0%         N/A       100%        3
 Dazzling Flash           Conj/Hex       0%         N/A       100%        3
 Gell's Gravitas          Tloc           0%         N/A       100%        3
 Portal Projectile        Hex/Tloc       0%         N/A       100%        3
 Teleport Other           Tloc           0%         N/A       100%        3
 Vampiric Draining        Necr           0%         2d6       100%        3
 Volatile Blastmotes      Fire/Tloc      0%         2d10      100%        3
 Dispel Undead            Necr           0%         3d6       100%        4
 Fulminant Prism          Conj/Hex       0%         3d5       100%        4
 Iskenderun's Mystic Bla  Conj/Tloc      0%         2d3       100%        4
 Manifold Assault         Tloc           0%         N/A       100%        4
 Petrify                  Tmut/Erth      0%         N/A       100%        4
 Agony                    Necr           0%         N/A       100%        5
 Alistair's Intoxication  Tmut/Pois      0%         N/A       100%        5
 Borgnjor's Vile Clutch   Necr/Erth      0%         N/A       100%        5
 Freezing Cloud           Conj/Ice/Air   0%         6-21      100%        5
 Irradiate                Conj/Tmut      0%         3d11      100%        5
 Silence                  Hex/Air        0%         N/A       100%        5
 Dispersal                Tloc           0%         N/A       100%        6
 Orb of Destruction       Conj           0%         9d5       100%        7
 Disjunction              Tloc           0%         N/A       100%        8
 Chain Lightning          Conj/Air       0%         N/A       100%        9
 Fire Storm               Conj/Fire      0%         5d1       100%        9
 Shatter                  Erth           0%         3d5*      100%        9
 Summon Guardian Golem    Hex/Summ       Unusable   N/A       N/A         3
 Tukima's Dance           Hex            Unusable   N/A       N/A         3
 Simulacrum               Ice/Necr       Unusable   N/A       N/A         6
 Haunt                    Necr/Summ      Unusable   N/A       N/A         7
 Malign Gateway           Summ/Tloc      Unusable   N/A       N/A         7
 Spellforged Servitor     Conj/Summ      Unusable   N/A       N/A         7
 Summon Hydra             Summ           Unusable   N/A       N/A         7
 Infestation              Necr           Unusable   N/A       N/A         8
 Summon Horrible Things   Summ           Unusable   N/A       N/A         8

Dungeon Overview and Level Annotations

Branches:
Dungeon (13/15)            Temple (1/1) D:7            Lair (5/5) D:11
 Shoals (4/4) Lair:3        Snake (4/4) Lair:3        Slime (0/5) Lair:4
    Orc (2/2) D:11            Elf (0/3) Orc:2        Vaults (0/5) D:13
  IceCv (visited)         Volcano (visited)

Altars:
Ashenzari
Cheibriados
Dithmenos
Elyvilon
Fedhas
Gozag
Hepliaklqana
Kikubaaqudgha
Makhleb
Nemelex Xobeh
Okawaru
Qazlal
Ru
Sif Muna
Trog
Uskayaw
Vehumet
Wu Jian
Xom
Yredelemnul
Zin
The Shining One
Jiyva

Shops:
D:12 [   Orc:2 =:[?:   Shoals:4 !   Snake:1 ::=   Snake:2 ([(   Snake:4 (

Annotations:
Snake:3 Asterion


Innate Abilities, Weirdness & Mutations

You have a pair of horns on your head.
You reflexively headbutt those who attack you in melee.


Message History

The nagaraja points at you and mumbles some strange words.
The poison arrow hits you!!
You are more poisoned.
* * * LOW HITPOINT WARNING * * *
The nagaraja constricts you. You block the nagaraja's attack.
You feel better. The nagaraja spits poison at you.
You block the splash of poison. The nagaraja constricts you.
The nagaraja spits poison at you. You block the splash of poison.
The nagaraja hits you but does no damage.
The nagaraja constricts you. The nagaraja spits poison at you.
The splash of poison hits you but does no damage.
You are poisoned.
The nagaraja hits you but does no damage.
You block the naga warrior's attack.
You feel much better.
You feel very sick. You block the nagaraja's attack.
The nagaraja constricts you.
The nagaraja hits you with a +2 halberd of freezing.
* * * LOW HITPOINT WARNING * * *
You block the nagaraja's attack.
The naga howls in fear.
The nagaraja loses its grip on you.
The nagaraja hits you with a +2 halberd of freezing!
* * * LOW HITPOINT WARNING * * *
The nagaraja freezes you.
* * * LOW HITPOINT WARNING * * *
You block the nagaraja's attack.
The nagaraja gestures at you while chanting.
The bolt of poison hits you!!
You are lethally poisoned!
* * * LOW HITPOINT WARNING * * *
The naga warrior hits you but does no damage.
The naga warrior grabs you. The naga warrior constricts you.
The naga ritualist susurrates, "Of all the rotten luck!"
A naga comes into view. It is wielding a +0 hand axe.
You feel more buoyant.
You feel like a meek peon again.
You die...

....................##''##.......
....####+##........##....##...)..
...## #.......##.[.[..##.....
##.# #......##..)##...##.... #.#
##.....##)..## #...##.). +.#
##.....##[))## #...##..
#.######.....##..[## . #...##.
#...........##.NN.#.... ....##
#...#......##.)@N...... .. #
##...###...##..)N.#..... ....##
#####...#..##..... ....#
#N..##... #.... ....# #...# .....
#..# #...# ...# ...... ### ##..#
... ....... #..# N. .......NN
##.#


You could see 3 nagarajas, a naga warrior, 2 naga ritualists and 2 nagas.

Vanquished Creatures
  Mara (Shoals:4)
  Vashnia (Snake:4)
  Mlioglotl (Snake:4)
  The ghost of Maeg the Wrestler, an adept TrMo of Jiyva (Snake:2)
  Kirke (Snake:3)
  Frances (D:12)
  Polyphemus (Shoals:3)
  2 nagarajas (Snake:4)
  Roxanne (Snake:4)
  Aizul (Snake:1)
  A fenstrider witch (Shoals:2)
  The ghost of pokeman the Sorcerer, an adept DEHW of Vehumet (Shoals:3)
  A frost giant (Shoals:4)
  2 orc warlords (Orc:2)
  6 elemental wellsprings (Shoals:1)
  6 merfolk javelineers
  8 merfolk impalers
  Harold (Lair:1)
  5 hydras
  A rakshasa (D:13)
  4 salamander tyrants
  5 catoblepae
  9 anacondas
  2 alligator snapping turtles
  4 centaur warriors
  An ogre mage (Orc:2)
  4 merfolk avatars
  2 dancing weapons (D:13)
  2 boulder beetles
  3 merfolk aquamancers (Shoals:4)
  2 two-headed ogres
  A tengu warrior (D:12)
  4 satyrs
  12 death yaks
  19 naga warriors
  20 naga sharpshooters
  5 shock serpents
  10 skysharks
  6 salamander mystics
  Nergalle (Orc:2)
  2 deep elf knights (D:11)
  2 skeletal warriors (Volcano)
  21 sea snakes
  Lodul (D:13)
  5 naga ritualists
  A spectral anaconda (Snake:2)
  2 anaconda skeletons (Volcano)
  3 orc knights
  29 harpies
  A necromancer (IceCv)
  2 lindwurms (Lair:2)
  5 mana vipers
  A wolf spider (D:13)
  10 orc sorcerers
  An oklob plant (Lair:5)
  3 cyclopes
  An ugly thing (D:12)
  4 phantasmal warriors (Snake:2)
  19 fauns
  A spectral shock serpent (Snake:2)
  15 merfolk sirens
  15 manticores
  18 naga magi
  18 salamanders
  An elephant (Lair:2)
  33 black mambas
  4 guardian serpents
  Joseph (D:9)
  7 water nymphs
  An ice statue (IceCv)
  An unseen horror (D:12)
  4 gargoyles
  12 cane toads
  A torpor snail (Lair:2)
  Maggie (Lair:1)
  A komodo dragon (shapeshifter) (D:12)
  13 ice devils (IceCv)
  4 rime drakes
  6 komodo dragons
  3 freezing wraiths (IceCv)
  5 trolls
  A polar bear (Lair:2)
  A hornet (D:10)
  13 snapping turtles
  3 wind drakes
  19 merfolk
  20 blink frogs
  9 dream sheep
  4 spectral nagas (Snake:2)
  4 spectral black mambas (Snake:2)
  3 slime creatures (D:13)
  A shock serpent simulacrum (Snake:2)
  3 flying skulls (Volcano)
  13 water elementals
  3 shadows (D:10)
  4 wraiths
  3 dire elephant simulacra (IceCv)
  57 yaks
  An alligator skeleton (Volcano)
  2 vampires
  9 wyverns
  2 humans (Snake:3)
  4 death yak simulacra (IceCv)
  15 vampire mosquitoes
  3 basilisks
  3 hogs (Snake:3)
  3 steam dragons
  A mana viper simulacrum (Snake:2)
  4 wargs
  53 nagas
  4 harpy simulacra (IceCv)
  24 water moccasins
  An ice beast (D:6)
  A swamp drake (D:11)
  19 orc warriors
  6 black bears
  A black mamba simulacrum (Snake:2)
  26 wolves
  11 centaurs
  16 ogres
  2 phantoms
  15 bullfrogs
  A kobold brigand (D:10)
  3 gnoll sergeants
  3 scorpions (D:5)
  2 two-headed ogre simulacra (IceCv)
  3 cane toad simulacra (IceCv)
  8 wights
  4 elephant simulacra (IceCv)
  2 troll skeletons (Volcano)
  4 killer bees (D:9)
  2 howler monkeys
  11 electric eels
  3 lava snakes (Lair:3)
  2 jellies
  4 hounds
  18 orc priests
  2 gnoll boudas
  3 iguanas (D:5)
  3 sleepcaps
  Natasha (twice) (D:3)
  34 orc wizards
  7 hell rats (Lair:2)
  2 spriggan simulacra (IceCv)
  4 polar bear simulacra (IceCv)
  5 wolf simulacra (IceCv)
  Robin (D:3)
  12 gnolls
  2 naga simulacra (IceCv)
  11 adders
  A white imp (D:5)
  An ufetubus (D:6)
  2 worms
  A dart slug (D:1)
  62 orcs
  7 ball pythons
  2 bats (D:2)
  9 endoplasms
  15 goblins
  12 hobgoblins
  4 jackals (D:1)
  5 kobolds
  5 quokkas
  6 frilled lizards
  4 rats
  2 spectral weapons (Snake:3)
1120 creatures vanquished.

Vanquished Creatures (others)
  A merfolk (Shoals:4)
1 creature vanquished.

Grand Total: 1121 creatures vanquished

Notes
Turn   | Place    | Note
-------+----------+-------------------------------------------
     0 | D:1      | hashsling the Minotaur Gladiator began the quest for the
                  | Orb.
     0 | D:1      | Reached XP level 1. HP: 18/18 MP: 0/0
   251 | D:1      | Reached XP level 2. HP: 25/25 MP: 1/1
   443 | D:1      | Reached skill level 1 in Armour
   546 | D:1      | Reached XP level 3. HP: 30/30 MP: 2/2
  1052 | D:1      | You fall into a shaft and drop 1 floor!
  1162 | D:1      | Reached skill level 3 in Fighting
  1751 | D:2      | Reached XP level 4. HP: 38/38 MP: 3/3
  2016 | D:3      | Noticed Robin
  2029 | D:3      | Killed Robin
  2030 | D:3      | Reached skill level 5 in Axes
  2209 | D:3      | Noticed Natasha
  2218 | D:3      | Killed Natasha
  2353 | D:3      | Noticed Natasha
  2358 | D:3      | Killed Natasha
  2359 | D:3      | Reached XP level 5. HP: 28/46 MP: 4/4
  2498 | D:4      | Reached skill level 4 in Fighting
  2697 | D:4      | Reached XP level 6. HP: 40/52 MP: 5/5
  3089 | D:5      | Entered Level 5 of the Dungeon
  3264 | D:5      | Found a glowing golden altar of the Shining One.
  3274 | D:5      | Reached skill level 5 in Fighting
  3274 | D:5      | Reached XP level 7. HP: 51/61 MP: 6/6
  3401 | D:5      | Found a snail-covered altar of Cheibriados.
  3595 | D:5      | Reached skill level 6 in Fighting
  3699 | D:5      | Reached XP level 8. HP: 70/70 MP: 7/7
  4199 | D:6      | Found a hide-covered altar of Uskayaw.
  4417 | D:6      | Reached skill level 7 in Fighting
  4742 | D:7      | Found a staircase to the Ecumenical Temple.
  4775 | Temple   | Entered the Ecumenical Temple
  4814 | Temple   | Became a worshipper of Warmaster Okawaru
  4857 | D:7      | Reached skill level 10 in Axes
  5050 | D:7      | Found a blossoming altar of Fedhas.
  5309 | D:7      | Reached skill level 8 in Fighting
  5482 | D:8      | Reached * piety under Okawaru
  5582 | D:8      | Reached skill level 5 in Armour
  5582 | D:8      | Reached XP level 9. HP: 71/82 MP: 8/8
  5629 | D:8      | Found an ornate altar of the Wu Jian Council.
  5921 | D:8      | Reached ** piety under Okawaru
  6048 | D:8      | Reached skill level 9 in Fighting
  6647 | D:9      | Reached skill level 10 in Fighting
  6650 | D:9      | Reached *** piety under Okawaru
  6824 | D:9      | Reached XP level 10. HP: 89/93 MP: 9/9
  6840 | D:9      | Found a glowing silver altar of Zin.
  7223 | D:9      | Found a basalt altar of Yredelemnul.
  7387 | D:9      | Noticed Joseph
  7399 | D:9      | Killed Joseph
  7858 | D:10     | Entered Level 10 of the Dungeon
  7930 | D:10     | Reached **** piety under Okawaru
  8275 | D:10     | Noticed a gargoyle
  8280 | D:10     | Reached skill level 11 in Fighting
  8283 | D:10     | Killed a gargoyle
  8365 | D:10     | Noticed a centaur warrior
  8373 | D:10     | Killed a centaur warrior
  8373 | D:10     | Received a gift from Okawaru
  8373 | D:10     | Reached ***** piety under Okawaru
  8374 | D:10     | Reached skill level 15 in Axes
  8375 | D:10     | Noticed a centaur warrior
  8403 | D:10     | Reached XP level 11. HP: 25/103 MP: 10/10
  8777 | D:10     | Killed a centaur warrior
  9173 | D:10     | Reached skill level 12 in Fighting
  9778 | D:11     | Found a frozen archway.
  9798 | IceCv    | Entered an ice cave
  9843 | IceCv    | Identified the +13 crystal plate armour of Okawaru's
                  | Displeasure {rElec rF++ Int+3 Dex-2} (Okawaru gifted it to
                  | you in an ice cave)
  9843 | IceCv    | Received a gift from Okawaru
 10058 | IceCv    | Found an ancient bone altar of Kikubaaqudgha.
 10575 | IceCv    | Noticed a necromancer
 10582 | IceCv    | Killed a necromancer
 10602 | IceCv    | Got the Almanac of the Snowflakes and Mortification
 10617 | IceCv    | Reached skill level 1 in Evocations
 10701 | IceCv    | Reached skill level 13 in Fighting
 10790 | IceCv    | Reached XP level 12. HP: 115/115 MP: 11/11
 11187 | D:11     | Identified the +5 broad axe of the Morning {flame, *Rage
                  | Int+4} (Okawaru gifted it to you on level 11 of the
                  | Dungeon)
 11187 | D:11     | Received a gift from Okawaru
 11194 | D:11     | Noticed a boulder beetle
 11201 | D:11     | Found a staircase to the Lair.
 11206 | D:11     | Killed a boulder beetle
 11342 | D:11     | Found a staircase to the Orcish Mines.
 11542 | D:11     | Reached skill level 14 in Fighting
 12003 | D:12     | Reached ****** piety under Okawaru
 12173 | D:12     | Noticed a boulder beetle
 12182 | D:12     | Killed a boulder beetle
 12244 | D:12     | Noticed a tengu warrior
 12257 | D:12     | Killed a tengu warrior
 12399 | D:12     | Found a transporter.
 12405 | D:12     | Found Aluferph's Antique Armour Shoppe.
 12407 | D:12     | Found a transporter.
 12413 | D:12     | Bought a pair of runed gloves for 210 gold pieces
 12784 | D:12     | Identified the +1 cloak of Slimy Amelioration {rC+}
                  | (Okawaru gifted it to you on level 12 of the Dungeon)
 12784 | D:12     | Received a gift from Okawaru
 13110 | D:13     | Noticed a two-headed ogre
 13111 | D:13     | Noticed Frances
 13116 | D:13     | Killed a two-headed ogre
 13119 | D:13     | Noticed a six-headed hydra
 13134 | D:12     | Killed a six-headed hydra
 13275 | D:12     | Killed Frances
 13276 | D:12     | Reached skill level 15 in Fighting
 13276 | D:12     | Reached skill level 1 in Invocations
 13276 | D:12     | Reached XP level 13. HP: 102/126 MP: 12/12
 13446 | Orc:1    | Entered Level 1 of the Orcish Mines
 13568 | Orc:2    | Entered Level 2 of the Orcish Mines
 13841 | Orc:2    | Noticed an orc warlord
 13861 | Orc:2    | Killed an orc warlord
 13959 | Orc:2    | Found Pihav Zuta's Jewellery Emporium.
 14000 | Orc:2    | Noticed an orc warlord
 14011 | Orc:2    | Killed an orc warlord
 14017 | Orc:2    | Identified the +1 robe of the Seven Villages {rPois rC+
                  | rN+} (Okawaru gifted it to you on level 2 of the Orcish
                  | Mines)
 14017 | Orc:2    | Received a gift from Okawaru
 14374 | Orc:2    | Found a radiant altar of Vehumet.
 14389 | Orc:2    | Found Giufaxt's Book Shoppe.
 14399 | Orc:2    | Noticed Nergalle
 14404 | Orc:2    | Killed Nergalle
 14414 | Orc:2    | Found an ancient bone altar of Kikubaaqudgha.
 14545 | Orc:2    | Found a staircase to the Elven Halls.
 14753 | Orc:2    | Paralysed by an orc sorcerer for 5 turns
 14762 | Orc:2    | Found Gyaph's Antique Armour Shoppe.
 14765 | Orc:2    | Found Gifuy's Magic Scroll Emporium.
 14798 | Orc:2    | Found Ollopih's Book Emporium.
 14801 | Orc:2    | Bought a scroll of acquirement for 780 gold pieces
 14801 | Orc:2    | Acquired a +0 executioner's axe of draining
 14804 | Orc:2    | Acquired the +0 hat of Rationality {Str+2 Slay+3}
 15165 | Lair:1   | Entered Level 1 of the Lair of Beasts
 15182 | Lair:1   | Noticed Harold
 15199 | Lair:1   | Killed Harold
 15319 | Lair:1   | Noticed Maggie
 15332 | Lair:1   | Killed Maggie
 15333 | Lair:1   | Reached skill level 16 in Fighting
 15437 | Lair:1   | Reached skill level 5 in Invocations
 16011 | Lair:2   | Reached XP level 14. HP: 137/137 MP: 15/17
 16219 | Lair:2   | You fall into a shaft and drop 1 floor!
 16349 | Lair:3   | Identified the +1 pair of boots of Baldness {*Slow Fly
                  | rElec rPois} (Okawaru gifted it to you on level 3 of the
                  | Lair of Beasts)
 16349 | Lair:3   | Received a gift from Okawaru
 16528 | Lair:3   | Found a dark tunnel.
 16533 | Volcano  | Entered a volcano
 17078 | Lair:3   | Found a staircase to the Shoals.
 17234 | Lair:3   | Found a staircase to the Snake Pit.
 17483 | Lair:2   | Found a runed translucent door.
 17953 | Lair:2   | Identified the ring of Raaxot Satt {rC+ rCorr AC+4 Str+3}
 18536 | Lair:4   | Found a runed translucent door.
 18538 | Lair:4   | Found a viscous altar of Jiyva.
 18539 | Lair:4   | Found a staircase to the Slime Pits.
 18548 | Lair:4   | Reached skill level 17 in Fighting
 18869 | Lair:5   | Entered Level 5 of the Lair of Beasts
 18908 | Lair:5   | Identified the +1 robe "Hiokhusm" {rF+ Int+2} (Okawaru
                  | gifted it to you on level 5 of the Lair of Beasts)
 18908 | Lair:5   | Received a gift from Okawaru
 19322 | Lair:5   | Reached XP level 15. HP: 147/147 MP: 19/19
 20518 | Snake:1  | Entered Level 1 of the Snake Pit
 20596 | Snake:1  | Identified the +3 buckler "Curevagh" {Str+4} (Okawaru
                  | gifted it to you on level 1 of the Snake Pit)
 20596 | Snake:1  | Received a gift from Okawaru
 20677 | Snake:1  | Found a transporter.
 20680 | Snake:1  | Found a transporter.
 20700 | Snake:1  | Reached skill level 18 in Fighting
 21021 | Snake:1  | Found a transporter.
 21028 | Snake:1  | Found a transporter.
 21198 | Snake:1  | Found a transporter.
 21200 | Snake:1  | Found a transporter.
 21299 | Snake:1  | Found a radiant altar of Vehumet.
 21389 | Snake:1  | Reached skill level 19 in Fighting
 21789 | Snake:1  | Found Oluonga's Book Emporium.
 21790 | Snake:1  | Found Goanebes's Jewellery Boutique.
 21791 | Snake:1  | Found Foudd's Book Emporium.
 21809 | Snake:1  | Bought an amulet of guardian spirit for 420 gold pieces
 21912 | Snake:1  | Noticed Aizul
 21919 | Snake:1  | Killed Aizul
 22520 | Snake:2  | Found Ezu Memu's Weapon Emporium.
 22547 | Snake:2  | Found Zimu's Armour Shoppe.
 22547 | Snake:2  | Found Xoimnal's Weapon Emporium.
 22567 | Snake:2  | Reached skill level 20 in Fighting
 22577 | Snake:2  | Received a gift from Okawaru
 22595 | Snake:2  | Reached XP level 16. HP: 84/163 MP: 14/21
 22864 | Snake:2  | Found a runed translucent gate.
 22864 | Snake:2  | Found a runed translucent gate.
 22865 | Snake:2  | Found a runed translucent gate.
 22868 | Snake:2  | Noticed Maeg's ghost (adept TrMo)
 22891 | Snake:2  | Killed Maeg's ghost
 23352 | Snake:2  | Reached skill level 10 in Armour
 23355 | Snake:2  | Identified the +0 pair of boots of Charred Creativity {rF+
                  | Int+5 Dex+3} (Okawaru gifted it to you on level 2 of the
                  | Snake Pit)
 23355 | Snake:2  | Received a gift from Okawaru
 23356 | Snake:2  | Reached skill level 21 in Fighting
 23783 | Snake:3  | Noticed Kirke
 23792 | Snake:3  | Killed Kirke
 24691 | Snake:4  | Entered Level 4 of the Snake Pit
 24857 | Snake:4  | Reached skill level 22 in Fighting
 25081 | Snake:4  | Noticed Roxanne
 25094 | Snake:4  | Killed Roxanne
 25316 | Snake:4  | Found Meent's Weapon Shop.
 25426 | Snake:4  | Identified the +0 pair of gloves of Defence {*Corrode rN+
                  | Int+3} (Okawaru gifted it to you on level 4 of the Snake
                  | Pit)
 25426 | Snake:4  | Received a gift from Okawaru
 25429 | Snake:4  | Identified the +1 kite shield of Mol Ovyi {Harm rC+++ Int-2
                  | Dex-4}
 25429 | Snake:4  | Noticed Asterion
 25444 | Snake:4  | Noticed Mlioglotl
 25457 | Snake:4  | Killed Mlioglotl
 25458 | Snake:4  | Reached XP level 17. HP: 95/176 MP: 10/22
 25681 | Snake:4  | Reached skill level 5 in Evocations
 25889 | Shoals:1 | Entered Level 1 of the Shoals
 27504 | Shoals:1 | HP: 6/178 [elemental wellspring/torrent of water (40)]
 28216 | Shoals:1 | Reached skill level 23 in Fighting
 28216 | Shoals:1 | Reached skill level 10 in Invocations
 28219 | Shoals:1 | Received a gift from Okawaru
 28410 | Shoals:2 | Received a gift from Okawaru
 29804 | Shoals:3 | Reached skill level 24 in Fighting
 29972 | Shoals:3 | Identified the +1 pair of boots of Starshine {rF+ Will+
                  | Dex+3} (Okawaru gifted it to you on level 3 of the Shoals)
 29972 | Shoals:3 | Received a gift from Okawaru
 30150 | Shoals:3 | Reached XP level 18. HP: 165/191 MP: 21/24
 30234 | Shoals:3 | Noticed Polyphemus
 30245 | Shoals:3 | Killed Polyphemus
 30511 | Shoals:3 | Found a runed translucent door.
 30511 | Shoals:3 | Noticed pokeman's ghost (adept DEHW)
 30518 | Shoals:3 | Killed pokeman's ghost
 30698 | Shoals:4 | Entered Level 4 of the Shoals
 31063 | Shoals:4 | Got a barnacled rune of Zot
 31125 | Shoals:4 | Identified the amulet of Joy {Spirit rC+ Will- Slay+3}
 31426 | Shoals:4 | Reached skill level 25 in Fighting
 31544 | Shoals:4 | Identified the +8 sling of Autumn {drain, rElec rPois
                  | Dex+5}
 31874 | Shoals:4 | Identified the +4 falchion of Balance {vamp, Will++ Str+4
                  | Int+3}
 31921 | Shoals:4 | Noticed Mara
 31936 | Shoals:4 | Killed Mara
 31957 | Shoals:4 | Reached skill level 5 in Dodging
 31972 | Shoals:4 | Identified the -2 pair of gloves of the Constellations
                  | {+Inv rN+ Dex-3 SInv} (Okawaru gifted it to you on level 4
                  | of the Shoals)
 31972 | Shoals:4 | Received a gift from Okawaru
 32179 | Shoals:4 | Found Ybenenes's Distillery.
 32187 | Shoals:4 | Bought a potion of curing for 48 gold pieces
 32187 | Shoals:4 | Bought a potion of curing for 48 gold pieces
 32187 | Shoals:4 | Bought a potion of curing for 48 gold pieces
 32187 | Shoals:4 | Bought 2 potions of heal wounds for 160 gold pieces
 32187 | Shoals:4 | Bought a potion of berserk rage for 80 gold pieces
 32187 | Shoals:4 | Bought a potion of heal wounds for 80 gold pieces
 32187 | Shoals:4 | Bought a potion of might for 64 gold pieces
 32215 | Shoals:4 | Found the +10 tower shield of Ignorance {rN+ Int-4}
 32231 | Shoals:4 | Reached skill level 15 in Armour
 32582 | Shoals:4 | Identified the +5 long sword of Qurax {antimagic, *Rage
                  | Dex+4 Stlth+}
 32962 | D:13     | Noticed Lodul
 32967 | D:13     | Reached skill level 1 in Shields
 32973 | D:13     | Killed Lodul
 33120 | D:13     | Found a gate to the Vaults.
 33795 | Snake:4  | Noticed Vashnia
 34289 | Snake:4  | Identified the ring "Zynypn" {Str+3 Dex+6 Stlth+}
 34364 | Snake:4  | Killed Vashnia
 34375 | Snake:4  | Reached skill level 5 in Shields
 34392 | Snake:4  | HP: 4/194 [nagaraja/poison arrow (27)]
 34395 | Snake:4  | Succumbed to a nagaraja's bolt of poison

Illustrated notes

Levels and vault maps discovered:
D:1:      psy_arrival_radial01, layout_loops_corners
D:2:      layout_basic
D:3:      layout_rooms, uniq_robin, uniq_natasha
D:4:      layout_rooms, minmay_crystal_water, roderic_three_in_a_row
D:5:      layout_loops_ring, mainiacjoe_overflow_boulevard,
          mainiacjoe_overflow_alcove_1
D:6:      layout_cave_pools, mainiacjoe_overflow_alcove_2, hex_large
D:7:      layout_basic, fedhas_altar_2, minmay_temple_entry_purple_smoke
D:8:      layout_cave_pods, mainiacjoe_overflow_24_doors
D:9:      layout_gridville, mainiacjoe_overflow_catwalk, lemuel_crystal_altar,
          uniq_joseph
D:10:     layout_stronghold, grunt_ministairs_13, nzn_random_ring
D:11:     layout_rooms, due_lair_maze_entry_diamond, erik_orc_1,
          portal_ice_cave_entry_pillars_1, sword_in_stone
D:12:     layout_stronghold, serial_shops, nicolae_shop_drivethru
D:13:     layout_basic, erik_vaults_1, uniq_lodul, uniq_frances
Temple:   regret_index_temple_waves
Lair:1:   layout_layer_cave, grunt_megastairs_1, uniq_harold, uniq_maggie
Lair:2:   gammafunk_lair_enchanted_lake, layout_regular_city
Lair:3:   layout_big_grid, elwin_shoals_entry_rooms,
          nicolae_snake_entry_warm_welcome, enter_volcano_4
Lair:4:   layout_long_grid, slime_entry_2, dreamdust_gnoll_shepherd,
          infiniplex_staircase_pool_2
Lair:5:   evilmike_catoblepas_cave, layout_cave_pods, lemuel_fruit_tree
Shoals:1: layout_shoals, nicolae_shoals_raging_river
Shoals:2: layout_shoals, nicolae_shoals_beach_house_on_fowls_legs
Shoals:3: layout_shoals, ebering_ghost_inner_flame, uniq_polyphemus
Shoals:4: shoals_end_grunt_ice, layout_shoals, serial_shops, shop, uniq_mara
Snake:1:  layout_basic, basic_altar, nicolae_snake_round_shape_thing,
          serial_nicolae_subway, nicolae_sub_station_crystal,
          nicolae_sub_station_metal, nicolae_sub_station_stone,
          minmay_shop_grove, uniq_aizul
Snake:2:  layout_rooms, serial_shops, shop_statue, gammafunk_ghost_necromancy,
          nicolae_snake_ghostly_warrior_ritual, serial_bayou_shore_a,
          minmay_shoptagon, grunt_megastairs_2
Snake:3:  layout_onion, uniq_kirke
Snake:4:  johnstein_snake_rune_scales, layout_cave_town, serial_shops,
          nicolae_shop_bloodbath_and_beyond, uniq_vashnia, uniq_mlioglotl,
          uniq_roxanne, uniq_asterion
Orc:1:    layout_caves
Orc:2:    kennysheep_orc_mage_school, layout_caves, serial_shops,
          nicolae_shop_advertising_works [nicolae_subvault_shop_adworks],
          special_room, mines1_david

Skill      XL: |  1  2  3  4  5  6  7  8  9 10 11 12 13 14 15 16 17 18 |
---------------+-------------------------------------------------------+-----
Axes           | 4 5 6 7 9 10 13 15 17 19 21 23 24 | 24.0
Armour         | 1 2 3 5 7 8 11 13 15 | 15.0
Fighting       | 3 4 5 6 8 10 11 13 15 16 17 20 22 24 25 | 25.2
Dodging        | 4 7 |  7.6
Evocations     | 1 3 4 5 |  5.0
Invocations    | 1 5 7 8 9 10 | 10.0
Shields        | 5 |  5.4
Throwing       | |  2.0

Action                     |  1- 3 |  4- 6 |  7- 9 | 10-12 | 13-15 | 16-18 || total
---------------------------+-------+-------+-------+-------+-------+-------++-------
  Melee: War axe           |    98 |    71 |   111 |       |       |       ||   280
         Headbutt          |    13 |    16 |    33 |   101 |   159 |   192 ||   514
         Punch             |     1 |     2 |     2 |       |       |       ||     5
         Battleaxe         |       |       |    63 |   304 |       |       ||   367
         Executioner's axe |       |       |       |   128 |   768 |   777 ||  1673
         Broad axe         |       |       |       |       |     7 |    99 ||   106
  Throw: Javelin           |       |     1 |       |       |       |       ||     1
         Throwing net      |       |       |       |     1 |       |       ||     1
 Invoke: Heroism           |       |       |       |     3 |     2 |     7 ||    12
         Finesse           |       |       |       |       |       |     1 ||     1
  Evoke: Wand              |       |       |       |    11 |     5 |    24 ||    40
         Lightning rod     |       |       |       |     6 |     3 |    13 ||    22
    Use: Scroll            |       |       |     6 |    10 |    10 |    18 ||    44
         Potion            |       |       |       |     8 |     1 |    18 ||    27
   Stab: Paralysed         |       |       |       |     1 |       |       ||     1
         Held in net/web   |       |       |       |     3 |       |       ||     3
         Confused          |       |       |       |     1 |       |       ||     1
         Petrified         |       |       |       |       |     2 |     3 ||     5
         Petrifying        |       |       |       |       |     1 |     1 ||     2
 Armour: Leather armour    |     3 |       |       |       |       |       ||     3
         Ring mail         |    25 |    10 |       |       |       |       ||    35
         Scale mail        |       |     8 |    46 |       |       |       ||    54
         Chain mail        |       |       |    34 |    24 |       |       ||    58
         Plate armour      |       |       |       |    84 |       |       ||    84
         Crystal plate arm |       |       |       |   348 |   597 |   897 ||  1842
  Dodge: Dodged            |    57 |    39 |    78 |   150 |   191 |   359 ||   874
  Block: Kite shield       |       |       |     6 |       |       |       ||     6
         Tower shield      |       |       |       |       |       |   176 ||   176

Table legend: (Time is in decaauts)
 A = Elapsed time spent in this place.
 B = Non-inter-level travel time spent in this place.
 C = Inter-level travel time spent in this place.
 D = Time resting spent in this place.
 E = Time spent auto-exploring this place.
 F = Levels seen in this place.
 G = Mean time per level.
                   A        B        C        D        E       F      G
               +--------+--------+--------+--------+--------+-----+--------+
         Total |  34332 |  32679 |   1653 |   1378 |  25021 |  31 | 1107.5 |
       Dungeon |  12894 |  12286 |    608 |    216 |  10108 |  13 |  991.8 |
        Temple |     67 |     41 |     26 |      0 |      0 |   1 |   67.0 |
          Lair |   5117 |   4590 |    527 |      1 |   3517 |   5 | 1023.4 |
        Shoals |   6817 |   6626 |    191 |    441 |   5139 |   4 | 1704.2 |
     Snake Pit |   5961 |   5747 |    214 |    446 |   3949 |   4 | 1490.2 |
  Orcish Mines |   1675 |   1591 |     84 |      0 |   1317 |   2 |  837.5 |
      Ice Cave |   1328 |   1328 |      0 |    272 |    694 |   1 | 1328.0 |
       Volcano |    470 |    470 |      0 |      0 |    296 |   1 |  470.0 |
               +--------+--------+--------+--------+--------+-----+--------+

Top non-repeatable levels by time:
Shoals:1: 2607 daAuts
Shoals:4: 1928 daAuts
    D:10: 1914 daAuts
 Snake:1: 1785 daAuts
    D:12: 1623 daAuts
  Lair:5: 1543 daAuts
 Snake:2: 1468 daAuts
 Snake:4: 1425 daAuts
     D:9: 1374 daAuts
   IceCv: 1328 daAuts
   Orc:2: 1297 daAuts
 Snake:3: 1282 daAuts
     D:1: 1222 daAuts
Shoals:2: 1209 daAuts
  Lair:2: 1102 daAuts
